Map: Frost LE

Players

Glutton - Winner!

  • Race: Zerg Zerg
  • League: Gold
  • Spawn Location: 1:00

Fropez

  • Race: Protoss Protoss
  • League: Gold
  • Spawn Location: 7:00

VOD

Have the link to the VOD?

Description

Time

  • Played on: Aug. 17, 2016, 3:21 p.m.
  • Length: 11:46
Show
View Real Time Build Order
Export as new Build Order

Glutton Zerg - Winner!

Build Orders: Pool First 

Get SALT Encoding   

  12  0:02  Drone  
  13  0:12  Overlord  
  13  0:18  Drone  
  14  0:31  Extractor  
  13  0:38  Spawning Pool  
  13  0:41  Drone  
  13  0:45  Drone  
  13  0:49  Drone  
  15  1:07  Drone  
  16  1:27  Zergling x6  
  16  1:31  Metabolic Boost  
  19  1:35  Queen  
  22  1:40  Zergling x2  
  22  1:53  Overlord  
  22  2:16  Hatchery  
  22  2:20  Overlord  
  21  2:29  Drone  
  23  2:30  Drone  
  23  2:38  Drone  
  20  3:11  Evolution Chamber  
  19  3:14  Drone  
  19  3:15  Drone x3  
  24  3:20  Drone  
  24  3:22  Hatchery  
  23  3:38  Overlord x2  
  23  3:39  Drone x2  
  25  3:46  Queen  
  27  3:53  Drone  
  27  3:55  Drone x2  
  30  4:01  Drone  
  30  4:02  Drone  
  32  4:08  Drone x2  
  32  4:09  Drone  
  35  4:14  Drone x2  
  37  4:18  Zergling x2  
  38  4:24  Zerg Ground Armor Level 1  
  38  4:33  Drone x3  
  38  4:35  Extractor  
  38  4:37  Extractor  
  39  4:38  Queen  
  41  5:02  Lair  
  41  5:04  Pneumatized Carapace  
  41  5:07  Drone x9  
  42  5:09  Zergling x2  
  42  5:10  Zergling x2  
  52  5:20  Drone  
  57  5:21  Drone x4  
  57  5:24  Spore Crawler  
  57  5:27  Spore Crawler  
  55  5:31  Extractor  
  54  5:42  Drone x4  
  58  5:43  Overlord x2, Drone  
  59  5:50  Evolution Chamber, Drone x3  
  59  5:52  Zergling x2  
  59  5:53  Zergling x4  
  64  6:02  Queen  
  66  6:15  Hydralisk Den  
  65  6:23  Zerg Ground Armor Level 2  
  65  6:24  Zerg Missile Weapons Level 1  
  65  6:35  Zergling x2  
  65  6:36  Zergling x22  
  77  6:48  Zergling x2  
  77  6:49  Zergling x8  
  80  6:58  Muscular Augments  
  80  7:00  Baneling Nest  
  78  7:06  Queen  
  80  7:29  Overlord  
  80  7:30  Overlord x3  
  80  7:33  Extractor  
  80  7:35  Extractor, Queen  
  80  7:37  Hatchery  
  80  7:42  Hatchery  
  78  7:45  Centrifical Hooks  
  78  7:47  Zergling x2  
  78  7:48  Hydralisk, Zergling x12  
  78  7:49  Hydralisk x4  
  95  8:15  Drone x2  
  95  8:16  Drone x7  
  95  8:17  Overlord x3  
  104  8:24  Infestation Pit  
  104  8:25  Zerg Melee Weapons Level 1  
  103  8:31  Drone x4  
  103  8:32  Drone  
  108  8:39  Zerg Missile Weapons Level 2  
  108  8:46  Hydralisk x5  
  118  8:50  Overlord  
  118  8:51  Overlord x3  
  118  8:56  Overseer x3  
  118  9:00  Baneling  
  118  9:01  Baneling x7  
  118  9:05  Queen  
  118  9:06  Drone  
  121  9:14  Hydralisk  
  121  9:15  Hydralisk  
  121  9:16  Hive  
  116  9:48  Drone x14  
  116  9:49  Drone x3  
  116  9:52  Hatchery  
  131  10:05  Drone  
  131  10:06  Drone x3  
  129  10:29  Hydralisk  
  129  10:30  Hydralisk x11  
  150  10:36  Zergling x8  
  150  10:37  Zergling x4  
  143  10:52  Baneling  
  143  10:53  Baneling x6  
Show
View Real Time Build Order
Export as new Build Order

Fropez Protoss 

Build Orders:  

Get SALT Encoding   

  12  0:00  Probe (Chrono Boost)  
  13  0:14  Pylon  
  13  0:17  Probe (Chrono Boost)  
  14  0:27  Probe (Chrono Boost)  
  15  0:33  Gateway  
  15  0:38  Probe (Chrono Boost)  
  16  0:47  Assimilator  
  16  0:48  Probe (Chrono Boost)  
  17  0:59  Pylon  
  17  1:00  Probe (Chrono Boost)  
  18  1:24  Cybernetics Core  
  18  1:41  Probe (Chrono Boost)  
  19  1:48  Nexus  
  19  1:56  Pylon  
  19  1:58  Probe (Chrono Boost)  
  20  2:02  Warp Gate (Chrono Boost)  
  20  2:10  Mothership Core  
  22  2:16  Adept  
  23  2:31  Probe  
  23  2:32  Assimilator  
  24  2:38  Pylon  
  24  2:43  Probe  
  25  2:55  Probe  
  23  3:08  Pylon, Probe  
  23  3:09  Probe  
  25  3:20  Probe x2  
  25  3:23  Pylon  
  27  3:41  Gateway x2  
  27  3:44  Gateway  
  27  3:49  Probe (Chrono Boost)  
  27  3:51  Probe (Chrono Boost)  
  30  4:03  Assimilator  
  30  4:08  Pylon  
  29  4:18  Robotics Facility  
  29  4:19  Probe (Chrono Boost)  
  29  4:22  Probe (Chrono Boost)  
  31  4:27  Pylon  
  31  4:30  Probe (Chrono Boost)  
  32  4:36  Probe (Chrono Boost)  
  33  4:40  Probe (Chrono Boost)  
  34  4:48  Probe (Chrono Boost)  
  34  4:50  Pylon  
  34  4:51  Probe (Chrono Boost)  
  36  5:02  Probe (Chrono Boost)  
  36  5:06  Observer, Probe (Chrono Boost)  
  39  5:16  Gateway  
  39  5:17  Robotics Facility  
  39  5:20  Probe (Chrono Boost)  
  40  5:22  Pylon  
  40  5:23  Pylon x2  
  40  5:26  Probe (Chrono Boost)  
  41  5:31  Probe (Chrono Boost)  
  42  5:46  Probe (Chrono Boost)  
  42  5:48  Robotics Bay  
  47  5:50  Immortal (Chrono Boost)  
  48  6:05  Forge  
  48  6:10  Immortal (Chrono Boost)  
  51  6:11  Probe  
  52  6:21  Gateway  
  56  6:31  Pylon, Immortal (Chrono Boost)  
  56  6:41  Stalker  
  56  6:42  Stalker x4  
  66  6:50  Pylon  
  55  7:07  Zealot x3  
  55  7:08  Zealot x2  
  55  7:18  Protoss Ground Weapons Level 1 (Chrono Boost)  
  55  7:20  Probe  
  55  7:22  Probe  
  57  7:26  Immortal (Chrono Boost)  
  57  7:27  Immortal (Chrono Boost)  
  65  7:35  Gravitic Drive (Chrono Boost)  
  65  7:36  Probe  
  66  7:40  Probe  
  67  7:50  Sentry x2  
  67  7:51  Sentry x2  
  75  7:54  Probe  
  75  7:55  Probe  
  77  8:00  Gateway  
  77  8:03  Warp Prism  
  77  8:05  Gateway  
  79  8:06  Probe  
  79  8:07  Warp Prism, Probe  
  83  8:18  Probe  
  84  8:27  Twilight Council  
  84  8:28  Pylon x2  
  84  8:38  Pylon  
  84  8:40  Observer  
  85  8:44  Observer  
  86  8:50  Pylon  
  86  8:59  Pylon  
  86  9:05  Pylon  
  86  9:10  Stalker x2  
  86  9:11  Stalker  
  86  9:12  Stalker  
  82  10:19  Zealot x3  
  82  10:20  Zealot x3  
  64  10:39  Probe x2  
  62  10:46  Nexus  
  62  10:48  Pylon  
  62  10:51  Pylon, Probe x2  
  60  11:03  Probe  
  52  11:10  Zealot  
  52  11:11  Zealot x4  
  51  11:34  Sentry  
Tags
 
League
GoldGold
Matchup
PvZ
Opening
Pool First
Replay Pack
All Mines
Spawn Locations
Cross Positions
Add a new tag
Caveats
  • Supply blocks, unpowered buildings, or Contaminate may cause inaccurate times.
  • Supply counts are checked every 10 seconds.